 Dungeon Crawl Stone Soup version 0.19-a0-49-gb8736b8 (webtiles) character file.

37 tyvek the Shield-Bearer (level 3, 23/23 HPs)
             Began as a Gargoyle Fighter on May 7, 2016.
             Quit the game on level 1 of the Dungeon.
             The game lasted 00:04:19 (1013 turns).

tyvek the Shield-Bearer (Gargoyle Fighter)          Turns: 1013, Time: 00:04:20

Health: 23/23      AC: 14    Str: 20    XL:     3   Next: 41%
Magic:  3/3        EV:  3    Int:  8    God:
Gold:   67         SH:  9    Dex:  9    Spells: 0 memorised, 2 levels left

rFire  . . .     SeeInvis .     a - +0 flail
rCold  . . .     Gourm    .     l - +0 plate armour (curse)
rNeg   + . .     Faith    .     c - +0 shield
rPois  ∞         Spirit   .     (no helmet)
rElec  +         Dismiss  .     (no cloak)
rCorr  .         Reflect  .     (no gloves)
SustAt .         Harm     .     (no boots)
MR     .....                    (no amulet)
Stlth  ..........               (no ring)
                                (no ring)

@: not resistant to hostile enchantments, extremely unstealthy
A: negative energy resistance 1, electricity resistance, unbreathing,
petrification resistance, rot immunity, AC +3
a: no special abilities


You were on level 1 of the Dungeon.
You were not hungry.

You visited 1 branch of the dungeon, and saw 1 of its levels.

You collected 67 gold pieces.

Inventory:

Hand Weapons
 a - a +0 flail (weapon)
Armour
 b - a +0 scale mail
 c - a +0 shield (worn)
 l - a cursed +0 plate armour (worn)
   (You found it on level 1 of the Dungeon)
Scrolls
 i - a scroll of magic mapping {!r}
Potions
 d - a potion of might
 e - 2 potions of flight
Comestibles
 f - 2 bread rations {@e1}
 j - a meat ration {@e2}


   Skills:
 + Level 3.5 Fighting
 * Level 2.6 Maces & Flails
 + Level 3.5 Armour
 + Level 3.9 Shields


You had 2 spell levels left.
You didn't know any spells.

Dungeon Overview and Level Annotations

Branches:
Dungeon (1/15)

Altars:


Innate Abilities, Weirdness & Mutations

You are resistant to torment.
Your stone body is resilient (AC +3).
You are immune to poison.
You resist negative energy.
You are resistant to electric shocks.
You can survive without breathing.
You are immune to petrification.
You are immune to rotting.


Message History

No target in view!
No target in view!
No target in view!
No target in view!
No target in view!
No target in view!
No target in view!
No target in view!
No target in view!
No target in view!
No target in view!
No target in view!
You see here a giant gecko corpse.
You butcher the giant gecko corpse.
g - 2 chunks of flesh {@w0} (gained 1)
A rat comes into view.
A rat is nearby!
A rat is nearby!
A rat is nearby!
You hit the rat.
You kill the rat!
No target in view!
No target in view!
You see here a rat corpse.
A dart slug comes into view.
A dart slug is nearby!
A dart slug is nearby!
A dart slug is nearby!
You completely miss the dart slug.
The dart slug bites you but does no damage.
You hit the dart slug.
The dart slug bites you but does no damage.
You hit the dart slug. You block the dart slug's attack.
You hit the dart slug.
The dart slug bites you but does no damage.
You sock the dart slug!
You kill the dart slug!
No target in view!
No target in view!
You see here a dagger.
A hobgoblin comes into view. It is wielding a club.
A hobgoblin is nearby!
A hobgoblin is nearby!
You sock the hobgoblin!
You kill the hobgoblin!
No target in view!
No target in view!
You see here a club.
A goblin comes into view. It is wielding a dagger.
The goblin shouts!
A goblin is nearby!
A goblin is nearby!
The goblin hits you but does no damage.
You closely miss the goblin. The goblin hits you but does no damage.
Your shield and plate armour prevent you from hitting the goblin.
You block the goblin's attack.
You closely miss the goblin.
The goblin hits you but does no damage. x2
Your plate armour prevents you from hitting the goblin.
The goblin barely misses you.
You closely miss the goblin. You block the goblin's attack.
You closely miss the goblin.
The goblin hits you but does no damage. x2
You closely miss the goblin. The goblin hits you but does no damage.
You closely miss the goblin. The goblin hits you but does no damage.
You closely miss the goblin. The goblin hits you but does no damage.
The goblin completely misses you.
You closely miss the goblin. The goblin hits you but does no damage.
You sock the goblin!
You kill the goblin!
No target in view!
No target in view!
No target in view!
Things that are here:
a dagger; a goblin corpse
Things that are here:
a dagger; a goblin corpse You see here 20 arrows.
You enter the shallow water.
Moving in this stuff is going to be slow.
There is a staircase leading out of the dungeon here.
You see here a rat corpse.
Eating one of 2 chunks of flesh {@w0}.
You continue eating. x2
You see here a dart slug corpse.
All of the chunks of flesh in your inventory have rotted away.
Partly explored, can't reach some places.
Partly explored, can't reach some places.
Partly explored, can't reach some places.
Partly explored, can't reach some places.
Partly explored, can't reach some places.
No target in view!
Replace inscription with what? !r
Okay, then.
Unknown command.
Unknown command.
Partly explored, can't reach some places.
Partly explored, can't reach some places.
Partly explored, can't reach some places.
Partly explored, can't reach some places.
Partly explored, can't reach some places.

#.....#.# ##.#.##)......######.##
#.###.#.###.........###..........
#.# #.#......#.###..........>..##
#.###.######.#......########.###
#.....# #.#####..########.#
#.##########.# #........##.#
#.#####......#####.######.##.#
....)...####.......# #....#
####...........#@### ######
############.## ###


There were no monsters in sight!

Vanquished Creatures
  A dart slug (D:1)
  A giant gecko (D:1)
  A ball python (D:1)
  3 bats (D:1)
  2 giant cockroaches (D:1)
  2 hobgoblins (D:1)
  7 jackals (D:1)
  2 kobolds (D:1)
  A giant newt (D:1)
  4 goblins (D:1)
  6 rats (D:1)
30 creatures vanquished.

Vanquished Creatures (others)
  5 toadstools (D:1)
5 creatures vanquished.

Grand Total: 35 creatures vanquished

Notes
Turn   | Place    | Note
--------------------------------------------------------------
     0 | D:1      | tyvek the Gargoyle Fighter began the quest for the Orb.
     0 | D:1      | Reached XP level 1. HP: 14/14 MP: 1/1
    68 | D:1      | Reached XP level 2. HP: 9/19 MP: 2/2
   574 | D:1      | Reached XP level 3. HP: 23/23 MP: 3/3
  1013 | D:1      | Quit the game

Vault maps used:
D:1:      ldierk_walled_garden

Action                   || total
-------------------------++-------
Melee: Flail             ||   113
  Use: Scroll            ||     3
  Eat: Chunk             ||     1
Armor: Scale mail        ||    48
       Plate armour      ||    37
Dodge: Dodged            ||    35
Block: Shield            ||    58

Vault maps used:
D:1:      ldierk_walled_garden

Table legend:
 A = Turns spent in this place as a percentage of turns spent in the entire game.
 B = Non-inter-level travel turns spent in this place as a percentage of non-inter-level travel turns spent in the entire game.
 C = Inter-level travel turns spent in this place as a percentage of turns spent in this place.
 D = Turns resting spent in this place as a percentage of non-inter-level travel turns spent in this place.
 E = Turns spent auto-exploring this place as a percentage of non-inter-level travel turns spent in this place.
 F = Non-inter-level travel turns spent in this place divided by the number of levels of this place that you've seen.
                   A       B       C       D       E      F
               +-------+-------+-------+-------+-------+----------------------
         Total | 100.0 | 100.0 |   0.0 |   1.2 |  10.7 | 328.0
       Dungeon | 100.0 | 100.0 |   0.0 |   1.2 |  10.7 | 328.0
               +-------+-------+-------+-------+-------+----------------------

Table legend:
 A = Kills in this place as a percentage of kills in entire the game.
 B = Kills by you in this place as a percentage of kills by you in the entire game.
 C = Kills by friends in this place as a percentage of kills by friends in the entire game.
 D = Other kills in this place as a percentage of other kills in the entire game.
 E = Experience gained in this place as a percentage of experience gained in the entire game.
 F = Experience gained in this place divided by the number of levels of this place that you have seen.
                   A       B       C       D       E      F
               +-------+-------+-------+-------+-------+----------------------
         Total | 100.0 | 100.0 |  -nan |  -nan | 100.0 |  54.0
       Dungeon | 100.0 | 100.0 |  -nan |  -nan | 100.0 |  54.0
               +-------+-------+-------+-------+-------+----------------------
